 Dungeon Crawl Stone Soup version 0.31-a0-202-g547052bce9 (webtiles) character file.

Game seed: 490368652417766278

0 graceasaur the Grave Robber (level 1, 0/14 HPs)
             Began as a Draconian Necromancer on June 26, 2023.
             Slain by a ball python (1 damage)
             ... on level 1 of the Dungeon.
             The game lasted 00:02:22 (74 turns).

graceasaur the Grave Robber (Draconian Necromancer)   Turns: 74, Time: 00:02:23

Health: 0/14       AC:  4    Str: 10    XL:     1   Next: 8%
Magic:  3/3        EV:  9    Int: 15    God:
Gold:   11         SH:  0    Dex: 11    Spells: 3/4 levels left

rFire   . . .        (no weapon)
rCold   . . .        (no shield)
rNeg    . . .        (body armour unavailable)
rPois   .            (helmet restricted)
rElec   .            (no cloak)
rCorr   .            (no gloves)
SInv    .            (no boots)
Will    .....        (no amulet)
Stlth   ++           (no ring)
HPRegen 0.22/turn    (no ring)
MPRegen 0.08/turn

%: no passive effects
@: constricted
A: AC +4, unfitting armour, cold-blooded
a: no special abilities


You were on level 1 of the Dungeon.
You visited 1 branch of the dungeon, and saw 1 of its levels.

You collected 11 gold pieces.

Inventory:

Potions
 a - a potion of magic


   Skills:
 + Level 1.7 Dodging
 + Level 1.7 Stealth
 + Level 2.0 Spellcasting
 + Level 4.0 Necromancy


You had 3 spell levels left.
You knew the following spells:

 Your Spells              Type           Power      Damage    Failure   Level
a - Necrotise             Necr           52%        1d6       4%          1

Your spell library contained the following spells:

 Spells                   Type           Power      Damage    Failure   Level
 Vampiric Draining        Necr           13%        2d6       13%         3
 Animate Dead             Necr           13%        N/A       38%         4
 Agony                    Necr           13%        N/A       75%         5


Dungeon Overview and Level Annotations

Branches:
Dungeon (1/15)

Altars:


Innate Abilities, Weirdness & Mutations

Your plain brown scales are hard. (AC +4)
You cannot fit into any form of body armour.
You are cold-blooded and may be slowed by cold attacks.


Message History

The bat misses you. The bat hits you but does no damage.
The ball python bites you but does no damage.
The ball python constricts you. The bat barely misses you.
You hit the ball python but do no damage.
The bat hits you but does no damage. The bat closely misses you.
The ball python bites you but does no damage. x2
The ball python constricts you.
You closely miss the ball python.
Your tail-slap misses the ball python.
The bat hits you but does no damage. The ball python bites you. x2
* * * LOW HITPOINT WARNING * * *
The ball python constricts you. The ball python bites you.
* * * LOW HITPOINT WARNING * * *
The bat hits you.
* * * LOW HITPOINT WARNING * * *
You barely miss the ball python.
Your tail-slap misses the ball python.
The bat closely misses you. The ball python barely misses you.
The ball python constricts you. The ball python barely misses you.
The bat hits you but does no damage.
You barely miss the ball python.
The ball python bites you but does no damage.
The ball python constricts you. The bat hits you.
* * * LOW HITPOINT WARNING * * *
The ball python bites you but does no damage.
The bat closely misses you.
The ball python bites you but does no damage.
The ball python constricts you.
You closely miss the ball python. The bat hits you but does no damage.
The ball python bites you but does no damage. x2
The ball python constricts you.
* * * LOW HITPOINT WARNING * * *
The bat hits you but does no damage. The bat misses you.
You hit the ball python.
The ball python is severely wounded.
The bat barely misses you. The bat hits you but does no damage.
The ball python closely misses you. The ball python barely misses you.
The ball python constricts you.
You hit the ball python but do no damage.
The ball python is severely wounded.
The bat closely misses you. x2; The ball python bites you.
You die...

###########
.........#
........#
....... .....
.g. . ##S######
..# #b@.....#
....##Sb####.##
#..............
#.#.##..#.#..#.
........#....#
###..#....##.#
........#....##
######..#......
......#.#......


You could see a goblin, 2 bats and 2 ball pythons.

Vanquished Creatures
  A rat (D:1)
1 creature vanquished.

Notes
Turn   | Place    | Note
-------+----------+-------------------------------------------
     0 | D:1      | graceasaur the Draconian Necromancer began the quest for
                  | the Orb.
     0 | D:1      | Reached XP level 1. HP: 14/14 MP: 3/3
    74 | D:1      | Slain by a ball python

Illustrated notes

Levels and vault maps discovered:
D:1:      sevenhm_arrival_forest_fort_small_4, layout_basic, chequers_avenue

Action                     || total
---------------------------++-------
  Melee: Unarmed           ||    16
 Armour: Skin              ||    43
  Dodge: Dodged            ||    76

Table legend: (Time is in decaauts)
 A = Elapsed time spent in this place.
 B = Non-inter-level travel time spent in this place.
 C = Inter-level travel time spent in this place.
 D = Time resting spent in this place.
 E = Time spent auto-exploring this place.
 F = Levels seen in this place.
 G = Mean time per level.
                   A        B        C        D        E       F      G
               +--------+--------+--------+--------+--------+-----+--------+
         Total |     74 |     57 |     17 |      0 |      0 |   1 |   74.0 |
       Dungeon |     74 |     57 |     17 |      0 |      0 |   1 |   74.0 |
               +--------+--------+--------+--------+--------+-----+--------+

Top non-repeatable levels by time:
     D:1: 74 daAuts
